[ AOE2 MATCH · #471977987 ]
UnrankedKhmer vs Sicilians
[ REPLAY ANALYSIS · EXTRACTED FROM THE RECORDED GAME ]
Feudal
—
Castle
—
Imperial
—
| APM avg | 24.7 |
| APM peak | 7 |
| eAPM avg | 24.7 |
| Villagers / military | 0 / 0 |
Feudal
—
Castle
—
Imperial
—
| APM avg | 35.3 |
| APM peak | 10 |
| eAPM avg | 35.3 |
| Villagers / military | 4 / 0 |
Focus
⚔️ 0.0% · 🌾 100.0%
Feudal
—
Castle
—
Imperial
—
| APM avg | 49.5 |
| APM peak | 14 |
| eAPM avg | 45.9 |
| Villagers / military | 5 / 0 |
Focus
⚔️ 0.0% · 🌾 100.0%
Feudal
—
Castle
—
Imperial
—
| APM avg | 28.3 |
| APM peak | 8 |
| eAPM avg | 17.7 |
| Villagers / military | 0 / 0 |
Focus
⚔️ 0.0% · 🌾 100.0%
Feudal
—
Castle
—
Imperial
—
| APM avg | 17.7 |
| APM peak | 5 |
| eAPM avg | 17.7 |
| Villagers / military | 4 / 0 |
Focus
⚔️ 0.0% · 🌾 100.0%
Feudal
—
Castle
—
Imperial
—
| APM avg | 24.7 |
| APM peak | 7 |
| eAPM avg | 24.7 |
| Villagers / military | 0 / 0 |
Feudal
—
Castle
—
Imperial
—
| APM avg | 28.3 |
| APM peak | 8 |
| eAPM avg | 28.3 |
| Villagers / military | 0 / 0 |
Feudal
—
Castle
—
Imperial
—
| APM avg | 7.1 |
| APM peak | 2 |
| eAPM avg | 7.1 |
| Villagers / military | 0 / 0 |
Match map
Resources at game start + every placement click. Thick line = wall · dashed box = detected house wall. 🟡 gold · ⚪ stone · 🟢 berries · 🔶 boar · ⭕ relic
Inputs per minute
— IsaacNewton - - Patria
Build order — IsaacNewton
0 actions detected in the replay
Build order — Patria
8 actions detected in the replay
| 0:02 | Create | Villager (Male) |
| 0:03 | Create | Villager (Male) |
| 0:03 | Create | Villager (Male) |
| 0:03 | Create | Villager (Male) |
| 0:08 | Build | House |
| 0:10 | Build | House |
| 0:11 | Build | House |
| 0:12 | Build | House |
Build order — Djsm
7 actions detected in the replay
| 0:01 | Create | Villager (Male) |
| 0:01 | Create | Villager (Male) |
| 0:02 | Create | Villager (Male) |
| 0:02 | Create | Villager (Male) |
| 0:02 | Create | Villager (Male) |
| 0:05 | Build | House |
| 0:07 | Build | House |
Build order — Mirkosky
1 actions detected in the replay
| 0:06 | Build | House |
Build order — dilpill0114
3 actions detected in the replay
| 0:09 | Build | House |
| 0:12 | Build | House |
| 0:15 | Create | Villager (Male) ×4 |
Build order — kukugaming4179
0 actions detected in the replay
Build order — NothingAtAll11
0 actions detected in the replay
Build order — vajxyoo
0 actions detected in the replay
Match timeline
| 0:07 | kukugaming4179 · resign |
[ AI ANALYSIS · 1 CREDIT ]
What really happened in this match?
Wolo.gg analyzes every decision: build order, eco, micro, common mistakes by bracket. Personalized analysis on WhatsApp or Discord in 30 seconds.
Civ guide
Khmer
Map guide
Amazon Tunnel
Perfil
Jugador #4124521